 Dungeon Crawl Stone Soup version 0.22-a0-305-gd21a89c (webtiles) character file.

238 4thArraOfDagon the Grave Robber (level 5, -5/38 HPs)
             Began as a Demigod Necromancer on Mar 30, 2018.
             Splashed by a jelly's acid (9 damage)
             ... on level 2 of the Dungeon.
             The game lasted 00:03:39 (603 turns).

4thArraOfDagon the Grave Robber (DgNe)               Turns: 603, Time: 00:03:40

Health: -5/38      AC: -10   Str: 11    XL:     5   Next: 49%
Magic:  3/12       EV: 12    Int: 21    God:
Gold:   39         SH:  0    Dex: 16    Spells: 3/10 levels left

rFire    + . .     SeeInvis .   d - +0 spear
rCold    . . .     Gourm    .   (no shield)
rNeg     . . .     Faith    .   a - +0 robe
rPois    .         Spirit   .   (no helmet)
rElec    .         Reflect  .   (no cloak)
rCorr    .         Harm     .   (no gloves)
MR       .....                  (no boots)
Stlth    ++........             (no amulet)
HPRegen  0.12/turn              b - ring of protection from fire
MPRegen  0.13/turn              (no ring)

@: corroded
A: high mp 1
a: no special abilities


You were on level 2 of the Dungeon.
You were not hungry.

You visited 1 branch of the dungeon, and saw 5 of its levels.

You collected 39 gold pieces.

Inventory:

Hand Weapons
 d - a +0 spear (weapon)
 e - a +0 trident
 g - a +1 halberd
Armour
 a - a +0 robe (worn)
Jewellery
 b - a ring of protection from fire (left hand)
Comestibles
 c - a ration


   Skills:
 - Level 1.7 Dodging
 - Level 1.7 Stealth
 - Level 3.0 Spellcasting
 * Level 5.8 Necromancy


You had 3 spell levels left.
You knew the following spells:

 Your Spells              Type           Power        Failure   Level  Hunger
a - Pain                  Necr           ####         1%          1    None
b - Vampiric Draining     Necr           ####......   3%          3    ###....
c - Regeneration          Chrm/Necr      ###.......   12%         3    ###....


Dungeon Overview and Level Annotations

Branches:
Dungeon (5/15)
 Temple: D:4-7


Innate Abilities, Weirdness & Mutations

You have an increased reservoir of magic. (+10% MP)


Message History

You feel life coursing into your body.
The ooze hits the fungus.
The jelly misses you. The ooze hits you.
The ooze hits the fungus.
The ooze closely misses you. The jelly hits you. The acid corrodes you!
You are splashed with acid!
The acid burns!
* * * LOW HITPOINT WARNING * * *
The ooze hits the fungus but does no damage.
The ooze completely misses the fungus.
Casting: Vampiric Draining (safe; 3% risk of failure)
Confirm with . or Enter, or press ? or * to list all spells.
Aiming: Vampiric Draining (safe; 3% risk of failure)
Press: ? - help, Shift-Dir - straight line, f/p - jelly
Aim: a jelly (almost dead)
You kill the jelly!
You feel life coursing into your body.
The ooze quivers.
The ooze hits the fungus but does no damage.
The jelly hits you.
* * * LOW HITPOINT WARNING * * *
The acid corrodes you!
You are splashed with acid!
The acid burns!
You die...

#.......#
#.####..# #..#
>#.####..####...
........<.......
.....###########
#### ########
#JJJ..?#
#@.JP÷.#
#.JJJ..#


#PPJJP.# #..J...# #......# #......# +÷.P.PP# #...÷.J# ######## You could see 2
jellies and 9 oozes.

Vanquished Creatures
  Menkaure (D:5)
  2 jellies
  Jessica (D:3)
  An adder (D:5)
  An orc (D:5)
  A giant cockroach (D:1)
  A goblin (D:1)
  2 hobgoblins
  A quokka (D:5)
  A ball python (D:2)
  A bat (D:1)
  2 frilled lizards
  A jackal skeleton (D:4)
  A jackal zombie (D:5)
  2 kobolds
  3 rats
22 creatures vanquished.

Vanquished Creatures (others)
  10 toadstools (D:2)
10 creatures vanquished.

Grand Total: 32 creatures vanquished

Notes
Turn   | Place    | Note
-------+----------+-------------------------------------------
     0 | D:1      | 4thArraOfDagon the Demigod Necromancer began the quest for the Orb.
     0 | D:1      | Reached XP level 1. HP: 14/14 MP: 5/5
   218 | D:3      | Noticed a hound
   260 | D:3      | Reached skill level 4 in Necromancy
   260 | D:3      | Reached XP level 2. HP: 19/20 MP: 4/7
   276 | D:3      | You fall through a shaft for 2 floors!
   276 | D:5      | Entered Level 5 of the Dungeon
   326 | D:5      | Noticed Menkaure
   329 | D:5      | Killed Menkaure
   329 | D:5      | Reached skill level 5 in Necromancy
   329 | D:5      | Reached XP level 3. HP: 18/26 MP: 8/10
   329 | D:5      | Reached XP level 4. HP: 23/33 MP: 8/11
   337 | D:5      | Reached XP level 5. HP: 22/38 MP: 8/12
   356 | D:5      | Learned a level 3 spell: Vampiric Draining
   360 | D:5      | Learned a level 3 spell: Regeneration
   409 | D:4      | Noticed an ogre
   566 | D:3      | Noticed Jessica
   578 | D:3      | Killed Jessica
   603 | D:2      | Splashed by a jelly's acid

Vault maps used:
D:1:      scummos_arrival_hexagon, nemelex_diamond_rough_becter
D:2:      cheibrodos_fertilizer, lemuel_round_altar, corexii_hall_statues_u
D:3:      okawaru_metal_pillars_3, uniq_jessica, uniq_grinder, uniq_terence,
          uniq_sigmund
D:4:      chequers_temple_overflow_statue_of_worship, kennysheep_generic_room_3
D:5:      serial_shops, nicolae_shop_overgrown_old_shop, first_ration,
          hangedman_decor_peaks_small, uniq_blork_the_orc, uniq_menkaure

Skill      XL: |  1  2  3  4 |
---------------+-------------+-----
Spellcasting   | 2 3 |  3.0
Necromancy     | 4 5 |  5.8
Dodging        | |  1.7
Stealth        | |  1.7

Action                   |  1- 3 |  4- 6 || total
-------------------------+-------+-------++-------
Melee: Spear             |     7 |    23 ||    30
 Cast: Pain              |    13 |       ||    13
       Vampiric Draining |       |     4 ||     4
       Regeneration      |       |     1 ||     1
  Use: Potion            |     1 |     1 ||     2
       Scroll            |       |     1 ||     1
 Stab: Sleeping          |     2 |     1 ||     3
Armor: Robe              |     6 |     4 ||    10
Dodge: Dodged            |     6 |    21 ||    27

Table legend:
 A = Spawn XP
 B = Non-spawn XP
 C = Spawn XP percentage of total XP
 D = Spawn monster count
 E = Non-spawn monster count
 F = Spawn count percentage of total count
 G = Total turns spent on level
                    A         B        C        D         E        F      G
               +---------+---------+-------+---------+---------+-------+---------
         Total |       0 |     341 |   0.0 |       0 |      22 |   0.0 |   603
               +---------+---------+-------+---------+---------+-------+---------
           D:1 |       0 |      10 |   0.0 |       0 |       7 |   0.0 |   111
           D:2 |       0 |      45 |   0.0 |       0 |       4 |   0.0 |    99
           D:3 |       0 |      40 |   0.0 |       0 |       3 |   0.0 |   103
           D:4 |       0 |       2 |   0.0 |       0 |       2 |   0.0 |   192
           D:5 |       0 |     244 |   0.0 |       0 |       6 |   0.0 |    98
               +---------+---------+-------+---------+---------+-------+---------
